 Dungeon Crawl Stone Soup version 0.20-a0-637-gedbf995 (webtiles) character file.

1731 Devintownsend the Protected (level 8, -3/73 HPs)
             Began as a Minotaur Fighter on Feb 11, 2017.
             Was a Priest of Okawaru.
             Slain by an ice beast (14 damage)
             ... on level 6 of the Dungeon.
             The game lasted 00:15:58 (3905 turns).

Devintownsend the Protected (Minotaur Fighter)      Turns: 3905, Time: 00:16:00

Health: -3/73      AC:  9    Str: 18    XL:     8   Next: 76%
Magic:  7/7        EV:  9    Int:  9    God:    Okawaru [***...]
Gold:   268        SH:  0    Dex: 11    Spells: 5/7 levels left

rFire    + . .     SeeInvis .   r - +0 hand axe (chop)
rCold    . . .     Gourm    .   b - +0 scale mail
rNeg     . . .     Faith    .   (no shield)
rPois    .         Spirit   .   (helmet restricted)
rElec    .         Reflect  .   j - +0 cloak
rCorr    .         Harm     .   (no gloves)
MR       +....                  (no boots)
Stlth    ..........             y - amulet of Fabucsy {RegenMP MR+ Str-4 Int+4}
Regen    0.3/turn               (no ring)
                                k - ring of protection from fire

@: starving, heavily drained
A: retaliatory headbutt, horns 2
a: Heroism, Renounce Religion


You were on level 6 of the Dungeon.
You worshipped Okawaru.
Okawaru was most pleased with you.
You were starving.

You visited 1 branch of the dungeon, and saw 6 of its levels.

You collected 268 gold pieces.

Inventory:

Hand Weapons
 a - a +0 war axe
 r - a +0 hand axe of chopping (weapon)
 F - a +1 dire flail
Armour
 b - a +0 scale mail (worn)
 c - a +0 shield
 j - a +0 cloak (worn)
 s - a +0 plate armour
Jewellery
 k - a ring of protection from fire (left hand)
 t - an uncursed ring of teleportation
 y - the amulet of Fabucsy (around neck) {RegenMP MR+ Str-4 Int+4}
   (You found it on level 4 of the Dungeon)

   [amulet of magic regeneration]

   It increases your magic regeneration.
   It affects your strength (-4).
   It affects your intelligence (+4).
   It affects your resistance to hostile enchantments.
Wands
 B - a wand of digging (13/24)
Scrolls
 h - 3 scrolls of fog
 i - 6 scrolls of teleportation
 m - a scroll of enchant armour {unknown}
 v - 5 scrolls of identify {unknown}
 x - 3 scrolls of amnesia {unknown}
 z - a scroll of recharging {unknown}
 C - 3 scrolls of remove curse
Potions
 d - a potion of flight {unknown}
 e - 2 potions of berserk rage {unknown}
 l - a potion of brilliance {unknown}
 n - 4 potions of curing {unknown}
 o - a potion of cancellation {unknown}
 p - 2 potions of agility {unknown}
 q - 3 potions of mutation {unknown}
 A - 3 potions of heal wounds
 D - a potion of invisibility {unknown}
 E - 2 potions of lignification {unknown}
Books
 w - a book of Minor Magic

   Spells                             Type                      Level
   a - Magic Dart                     Conjuration                  1
   b - Blink                          Translocation                2
   c - Call Imp                       Summoning                    2
   d - Slow                           Hexes                        2
   e - Conjure Flame                  Conjuration/Fire             3
   f - Mephitic Cloud                 Conjuration/Poison/Air       3
Comestibles
 f - 2 bread rations
 g - 2 fruits
 u - 2 meat rations
 G - a royal jelly


   Skills:
 + Level 7.0(4.5) Fighting
 - Level 5.7(3.3) Axes
 * Level 11.1(8.4) Armour
 - Level 4.1(1.9) Shields


You had 5 spell levels left.
You knew the following spells:

 Your Spells              Type           Power        Failure   Level  Hunger
a - Blink                 Tloc           N/A          98%         2    ###....


Dungeon Overview and Level Annotations

Branches:
Dungeon (6/15)             Temple (0/1) D:5

Altars:
Gozag
Okawaru
Ru
Uskayaw
Zin


Innate Abilities, Weirdness & Mutations

You reflexively headbutt those who attack you in melee.
You have a pair of horns on your head.


Message History

The ice beast is severely wounded.
The ice beast barely misses you. The wight hits you but does no damage.
You closely miss the ice beast.
The ice beast is severely wounded.
The ice beast hits you but does no damage.
The wight hits you from afar with an enchanted spear.
You feel drained.
Your scale mail prevents you from hitting the ice beast.
You headbutt the ice beast.
The ice beast is almost dead.
The ice beast hits you. The ice beast freezes you!
* * * LOW HITPOINT WARNING * * *
The wight hits you from afar with an enchanted spear.
* * * LOW HITPOINT WARNING * * *
You feel drained.
* * * LOW HITPOINT WARNING * * *
The ice beast hits you.
* * * LOW HITPOINT WARNING * * *
The ice beast freezes you!
You die...

.............#.........#
.............#.........#
..<..........#.........#
.............#.........#
.............#.........#
.............#.........#
.............#.........#
.............########'###
####+#.......zY@........#
+..................#
#..................#
#..................#
#..................#
############.......#
#########


You could see an ice beast and a wight.

Vanquished Creatures
  The ghost of Duelies the Chopper, a novice TrFi of Okawaru (D:4)
  Grinder (D:3)
  A phantom (D:4)
  2 ogres
  3 scorpions
  A howler monkey (D:4)
  2 wights (D:6)
  A crimson imp (D:5)
  A bullfrog zombie (D:4)
  A centaur zombie (D:4)
  An orc priest (D:6)
  A hound (D:4)
  4 orc wizards
  An iguana (D:4)
  2 worker ants (D:5)
  3 hound zombies (D:4)
  A hound skeleton (D:4)
  7 gnolls
  A howler monkey zombie (D:4)
  5 adders
  3 shadow imps
  2 oozes
  4 adder zombies (D:4)
  2 adder skeletons
  2 worms
  A dart slug (D:1)
  2 leopard geckos
  13 orcs
  4 bats
  3 giant cockroaches
  14 goblins
  9 hobgoblins
  3 jackals (D:1)
  2 quokkas
  A ball python zombie (D:4)
  3 frilled lizards
  A jackal skeleton (D:4)
  3 kobolds (D:1)
  A leopard gecko zombie (D:4)
  A quokka skeleton (D:5)
  A quokka zombie (D:4)
  4 rats
119 creatures vanquished.

Notes
Turn   | Place    | Note
-------+----------+-------------------------------------------
     0 | D:1      | Devintownsend the Minotaur Fighter began the quest for the Orb.
     0 | D:1      | Reached XP level 1. HP: 19/19 MP: 0/0
    74 | D:1      | Reached skill level 4 in Armour
    74 | D:1      | Reached XP level 2. HP: 25/27 MP: 1/1
   696 | D:2      | Reached XP level 3. HP: 23/33 MP: 2/2
   812 | D:2      | Found a glowing silver altar of Zin.
   813 | D:2      | Found an opulent altar of Gozag.
   952 | D:2      | You fall through a shaft!
   952 | D:3      | Noticed Grinder
   982 | D:3      | Reached XP level 4. HP: 3/41 MP: 3/3
   983 | D:3      | HP: 1/41 [orc/mace of protection (3)]
   993 | D:3      | Killed Grinder
   993 | D:3      | Reached skill level 5 in Axes
   993 | D:3      | Reached skill level 5 in Armour
   993 | D:3      | Reached XP level 5. HP: 31/47 MP: 4/4
   993 | D:3      | Reached XP level 6. HP: 36/55 MP: 5/5
  1118 | D:3      | Found an iron altar of Okawaru.
  1135 | D:3      | Became a worshipper of Warmaster Okawaru
  1149 | D:3      | Learned a level 2 spell: Blink
  1525 | D:3      | Reached skill level 5 in Fighting
  1606 | D:4      | Reached skill level 6 in Armour
  1616 | D:4      | Got a glittering emerald amulet
  1617 | D:4      | Identified the amulet of Fabucsy {RegenMP MR+ Str-4 Int+4} (You found it on level 4 of the Dungeon)
  1773 | D:4      | Reached skill level 7 in Armour
  1773 | D:4      | Reached XP level 7. HP: 39/61 MP: 6/6
  1875 | D:4      | Reached * piety under Okawaru
  2189 | D:4      | Noticed Duelies's ghost (novice TrFi)
  2210 | D:4      | Killed Duelies's ghost
  2210 | D:4      | Reached ** piety under Okawaru
  2210 | D:4      | Reached skill level 9 in Armour
  2210 | D:4      | Reached XP level 8. HP: 45/70 MP: 7/7
  2252 | D:4      | Found a sacrificial altar of Ru.
  2492 | D:4      | Found a hide-covered altar of Uskayaw.
  2756 | D:5      | Entered Level 5 of the Dungeon
  2881 | D:5      | Reached skill level 10 in Armour
  3041 | D:5      | Found a staircase to the Ecumenical Temple.
  3623 | D:6      | Reached *** piety under Okawaru
  3625 | D:6      | Reached skill level 11 in Armour
  3905 | D:6      | Slain by an ice beast

Vault maps used:
D:1:      scummos_arrival_simple_fountains, hangedman_glass_teeth,
          grunt_decor_fettered
D:2:      grunt_temple_overflow_gold_and_silver
D:3:      okawaru_gym_becter, first_bread, uniq_grinder
D:4:      hangedman_ru_absence, lemuel_doored_altar, serial_undead,
          serial_undead_f, serial_undead_a, serial_undead_b, serial_undead_c,
          serial_undead_b, serial_undead_a, minmay_goblin_outpost
D:5:      temple_doors_e

Skill      XL: |  1  2  3  4  5  6  7  8 |
---------------+-------------------------+-----
Armour         | 4 5 7 9 11 | 11.1
Shields        | 4 |  4.1
Fighting       | 4 5 6 7 |  7.0
Axes           | 3 5 |  5.7

Action                   |  1- 3 |  4- 6 |  7- 9 || total
-------------------------+-------+-------+-------++-------
Melee: War axe           |   113 |     3 |       ||   116
       Headbutt          |     8 |    13 |    36 ||    57
       Hand axe          |       |    62 |   216 ||   278
       Dire flail        |       |       |    10 ||    10
  Use: Potion            |       |     1 |     1 ||     2
       Scroll            |       |     3 |     1 ||     4
  Eat: Chunk             |       |     3 |     5 ||     8
Armor: Scale mail        |    69 |    14 |    87 ||   170
Dodge: Dodged            |    48 |    10 |    71 ||   129
Block: Shield            |    68 |    32 |    83 ||   183
